 Dungeon Crawl Stone Soup version 0.31-a0-934-gf4fcaacff8 (webtiles) character file.

Game seed: 4568192678384563100

1780 IndexError the Grappler (level 8, -7/68 HPs)
             Began as a Troll Shapeshifter on Oct 20, 2023.
             Was a Believer of Makhleb.
             Engulfed by a cloud of steam (9 damage)
             ... on level 6 of the Dungeon.
             The game lasted 00:08:51 (4544 turns).

IndexError the Grappler (Troll Shapeshifter)        Turns: 4544, Time: 00:08:51

Health: -7/68      AC:  4    Str: 23    XL:     8   Next: 81%
Magic:  0/7        EV:  9    Int:  8    God:    Makhleb [**....]
Gold:   271        SH:  0    Dex:  9    Spells: 7/7 levels left

rFire   . .          .
                       - Unarmed
rCold   . . .        (shield currently unavailable)
rNeg    . . .        a - +0 animal skin
rPois   .            (helmet restricted)
rElec   .            (no cloak)
rCorr   +            (gloves unavailable)
SInv    +            (boots unavailable)
Will    .....        s - amulet of guardian spirit {Spirit}
Stlth   +            e - ring of resist corrosion
HPRegen 1.11/turn    G - ring of see invisible {sInv, !d}
MPRegen 0.10/turn

%: guardian spirit
@: flux-form, glowing
A: glow, contaminating, large, unfitting armour, claws 3, regeneration 1, shaggy
fur 1, tough skin 1
a: Begin Untransformation, Renounce Religion, Minor Destruction


You were on level 6 of the Dungeon.
You worshipped Makhleb.
Makhleb was pleased with you.
You were something dangerously unstable.
You visited 1 branch of the dungeon, and saw 6 of its levels.
You also visited: Sewer.

You collected 271 gold pieces.

Inventory:

Armour
 a - a +0 animal skin (worn)
Magical Staves
 t - a staff of conjuration {!a}
   (You found it on level 3 of the Dungeon)
Jewellery
 e - a ring of resist corrosion (left claw)
   (You found it on level 1 of the Dungeon)
 s - an amulet of guardian spirit (around neck) {Spirit}
   (You took it off a wight on level 3 of the Dungeon)
 y - a +6 ring of intelligence
   (You found it on level 5 of the Dungeon)
 G - a ring of see invisible (right claw) {sInv, !d}
   (You found it on level 6 of the Dungeon)
Talismans
 c - a beast talisman
 d - a flux talisman (active)
 o - a serpent talisman
   (You found it on level 2 of the Dungeon)
Wands
 r - a wand of light (4)
   (You found it on level 3 of the Dungeon)
 A - a wand of polymorph (6)
   (You found it on level 5 of the Dungeon)
 B - a wand of iceblast (9)
   (You found it on level 5 of the Dungeon)
Scrolls
 h - a scroll of enchant weapon {unknown}
 i - 3 scrolls of revelation {unknown}
 k - a scroll of torment {unknown}
 m - a scroll of blinking {unknown}
 n - 4 scrolls of teleportation {unknown}
 q - a scroll of vulnerability {unknown}
 u - 2 scrolls of fog {unknown}
 w - 2 scrolls of noise {unknown}
 x - a scroll of identify {unknown}
 C - a scroll of fear {unknown}
Potions
 b - 2 potions of lignification {!q}
 f - 2 potions of enlightenment {unknown}
 g - 2 potions of degeneration {unknown}
 j - a potion of attraction {unknown}
 l - a potion of invisibility {unknown}
 p - 3 potions of haste {unknown}
 v - 2 potions of might {unknown}
 z - 2 potions of mutation {unknown}
 D - 2 potions of magic {unknown}
 E - a potion of heal wounds {unknown}
 F - a potion of cancellation {unknown}


   Skills:
 - Level 0.7 Fighting
 - Level 1.5 Dodging
 + Level 8.6 Unarmed Combat
 + Level 8.0 Shapeshifting


You had 7 spell levels left.
You didn't know any spells.
Your spell library contained the following spells:

 Spells                   Type           Power      Damage    Failure   Level
 Apportation              Tloc           0%         N/A       41%         1
 Ensorcelled Hibernation  Hex/Ice        0%         N/A       54%         2
 Jinxbite                 Hex            0%         N/A       54%         2
 Lesser Beckoning         Tloc           0%         N/A       54%         2
 Gell's Gravitas          Tloc           0%         N/A       78%         3
 Teleport Other           Tloc           0%         N/A       78%         3
 Anguish                  Hex/Necr       0%         N/A       99%         4
 Animate Dead             Necr           0%         N/A       99%         4
 Alistair's Intoxication  Tmut/Pois      0%         N/A       100%        5
 Borgnjor's Vile Clutch   Necr/Erth      0%         N/A       100%        5
 Death Channel            Necr           0%         N/A       100%        6


Dungeon Overview and Level Annotations

Branches:
Dungeon (6/15)             Temple (0/1) D:4           Sewer (visited)

Altars:
Makhleb
Nemelex Xobeh
Okawaru
Qazlal
Uskayaw


Innate Abilities, Weirdness & Mutations

You are something dangerously unstable.
You glow with magical radiation, making you easy to see and hit.
Foes you strike become dangerously contaminated with magical radiation.
You are incapable of wielding weapons or throwing items.
You are too large for most types of armour.
You have claws for hands.
Your natural rate of healing is unusually fast.
You are covered in fur. (AC +1)
You have tough skin. (AC +1)


Message History

The ufetubus hits you but does no damage.
The ufetubus barely misses you.
You take 6 damage, and have 55/68 hp.
You claw the ufetubus! Makhleb accepts your kill.
You feel better. The orc closely misses you.
You regained 2 hp, and now have 57/68 hp.
The orc attacks as it pursues you! The orc barely misses you.
The orc attacks as it pursues you! The orc barely misses you.
You regained 2 hp, and now have 60/68 hp.
The orc closely misses you.
You scratch the orc.
The orc begins to glow.
You claw the orc! Makhleb accepts your kill.
You claw the ufetubus! Makhleb accepts your kill.
You claw the ogre!
The ogre begins to glow.
The ogre closely misses you.
You claw the ogre!
The ogre glows dangerously bright.
The ogre barely misses you.
You scratch the ogre. Makhleb accepts your kill.
You barely miss the orc. The orc hits you with a +0 hand axe.
You take 2 damage, and have 64/68 hp.
You completely miss the orc. You closely miss the orc.
The orc barely misses you.
You barely miss the orc. The orc hits you but does no damage.
You barely miss the orc. The orc hits you with a +0 hand axe.
You take 4 damage, and have 63/68 hp.
You scratch the orc.
The orc begins to glow.
The orc hits you but does no damage.
You claw the orc! Makhleb accepts your kill.
You scratch the orc.
The orc begins to glow.
The orc hits you with a +0 hand axe.
You take 1 damage, and have 64/68 hp.
You claw the orc! Makhleb accepts your kill.
You feel better.
You regained 2 hp, and now have 66/68 hp.
You claw the orc! Makhleb accepts your kill.
You feel better.
Health restored: 68 No target in view!
No target in view!
No target in view!
No target in view!
Items here: ))))) [[ †††††.
You now have 271 gold pieces (gained 12).
An ice beast comes into view.
The ice beast moves out of view.
MP restored: 7 The ice beast hits you. The ice beast freezes you!
You take 15 damage, and have 53/68 hp.
MASSIVE DAMAGE!!
You now have 6/7 mp.
You claw the ice beast!
The ice beast begins to glow.
The ice beast hits you. The ice beast freezes you.
You take 7 damage, and have 46/68 hp.
You now have 5/7 mp.
You scratch the ice beast.
The ice beast glows dangerously bright.
The ice beast hits you but does no damage.
You scratch the ice beast.
The ice beast shudders as magic cascades through it.
The ice beast twists and deforms.
The ice beast hits you but does no damage.
You barely miss the ice beast.
The ice beast hits you but does no damage.
You claw the ice beast! Makhleb accepts your kill.
You feel better.
Your Shapeshifting skill increases to level 8!
You regained 5 hp, and now have 53/68 hp.
A steam dragon comes into view.
You see here a viscous puce potion.
Health restored: 68; MP restored: 7 The steam dragon breathes steam at you.
The ball of steam hits you!!
You take 20 damage, and have 48/68 hp.
MASSIVE DAMAGE!!
You now have 5/7 mp.
No target in view!
You are engulfed in a cloud of scalding steam.
You take 5 damage, and have 43/68 hp.
You are engulfed in a cloud of scalding steam.
You take 7 damage, and have 36/68 hp.
You now have 4/7 mp.
You closely miss the steam dragon.
You are engulfed in a cloud of scalding steam.
The steam dragon bites you. The steam dragon claws you.
You take 14 damage, and have 22/68 hp.
MASSIVE DAMAGE!!
You now have 2/7 mp.
You scratch the steam dragon.
The steam dragon begins to glow.
You are engulfed in a cloud of scalding steam.
The steam dragon misses you. The steam dragon claws you.
You scratch the steam dragon.
The steam dragon glows dangerously bright.
The steam dragon breathes steam at you. The ball of steam hits you!!
* * * LOW HITPOINT WARNING * * *
You take 20 damage, and have 2/68 hp.
MASSIVE DAMAGE!!
You now have 0/7 mp.
You claw the steam dragon!
The steam dragon shudders as magic cascades through it!
Makhleb accepts your kill.
The steam dragon scales are intact enough to wear.
You are engulfed in a cloud of scalding steam.
You die...

...##.#.#.#.
..........)) #
...##.#...). #.
#.#..... ##.#########
#.......
#...§!.....#####.....
####§#####.#.........
#..§§................
####p§...#.#.########
#[..###.#.#####<.#
#§§.....#........#
#.#.#############.
#.... ............
###..#####......#.
...............
.#####........
#.......#


There were no monsters in sight!

Vanquished Creatures
  2 steam dragons (D:6)
  Menkaure (D:4)
  A sky beast (D:6)
  3 ice beasts
  A black bear (D:4)
  An ogre (D:6)
  A phantom (D:5)
  A scorpion (D:5)
  4 wights (D:3)
  An electric eel (D:6)
  3 hounds
  2 jellies (Sewer)
  An orc priest (D:5)
  Natasha (thrice) (D:4)
  Jessica (D:2)
  An iguana (D:5)
  4 orc wizards
  6 adders
  2 river rats (Sewer)
  2 ufetubi (D:6)
  3 dart slugs
  16 orcs
  A bat (D:3)
  15 endoplasms
  9 giant cockroaches
  6 goblins
  5 hobgoblins
  3 jackals (D:3)
  5 quokkas
  9 ball pythons
  14 frilled lizards
  7 kobolds
  6 rats
140 creatures vanquished.

Notes
Turn   | Place    | Note
-------+----------+-------------------------------------------
     0 | D:1      | IndexError the Troll Shapeshifter began the quest for the
                  | Orb.
     0 | D:1      | Reached XP level 1. HP: 18/18 MP: 0/0
   166 | D:1      | Reached XP level 2. HP: 26/26 MP: 1/1
   667 | D:2      | Reached XP level 3. HP: 32/32 MP: 2/2
   797 | D:2      | You fall into a shaft and drop 1 floor!
   995 | D:2      | Noticed Jessica
  1000 | D:2      | Killed Jessica
  1001 | D:2      | Reached skill level 4 in Unarmed Combat
  1001 | D:2      | Reached XP level 4. HP: 37/40 MP: 3/3
  1494 | D:3      | Reached skill level 4 in Shapeshifting
  1767 | D:3      | Reached XP level 5. HP: 22/46 MP: 4/4
  1849 | D:3      | Reached skill level 5 in Unarmed Combat
  1877 | D:3      | Reached XP level 6. HP: 54/54 MP: 5/5
  1959 | D:3      | Found a burning altar of Makhleb.
  2067 | D:3      | Reached skill level 5 in Shapeshifting
  2350 | D:3      | Became a worshipper of Makhleb the Destroyer
  2448 | D:4      | Noticed Menkaure
  2463 | D:4      | Killed Menkaure
  2505 | D:4      | Found a stormy altar of Qazlal.
  2517 | D:4      | Noticed Natasha
  2522 | D:4      | Reached skill level 6 in Unarmed Combat
  2522 | D:4      | Reached XP level 7. HP: 58/61 MP: 6/6
  2526 | D:4      | Killed Natasha
  2537 | D:4      | Found a sparkling altar of Nemelex Xobeh.
  2654 | D:4      | Found a staircase to the Ecumenical Temple.
  2819 | D:4      | Noticed Natasha
  2829 | D:4      | Killed Natasha
  2863 | D:4      | Noticed Natasha
  2868 | D:4      | Killed Natasha
  2869 | D:4      | Reached skill level 6 in Shapeshifting
  2944 | D:5      | Entered Level 5 of the Dungeon
  3169 | D:5      | Reached * piety under Makhleb
  3206 | D:5      | Reached skill level 7 in Unarmed Combat
  3348 | D:5      | Reached XP level 8. HP: 54/68 MP: 5/7
  3392 | D:5      | Found a hide-covered altar of Uskayaw.
  3392 | D:5      | Found an iron altar of Okawaru.
  3742 | D:5      | Reached skill level 7 in Shapeshifting
  3944 | D:6      | Found a glowing drain.
  3948 | Sewer    | Entered a sewer
  4104 | Sewer    | Found a shimmering altar of Xom.
  4133 | Sewer    | Reached ** piety under Makhleb
  4246 | D:6      | Reached skill level 8 in Unarmed Combat
  4516 | D:6      | Reached skill level 8 in Shapeshifting
  4543 | D:6      | HP: 2/68 [steam dragon/ball of steam (21)]
  4544 | D:6      | Engulfed by a cloud of steam

Illustrated notes

Levels and vault maps discovered:
D:1:      nagdon_arrival_double_spiral, layout_rooms, minmay_pentomino_u4
D:2:      layout_basic, minmay_hedge_maze, minivault_23, uniq_jessica
D:3:      layout_rooms, lightli_temple_of_fire, minmay_misc_feat_cross,
          serial_bayou_lake_a
D:4:      layout_cave_pools, nicolae_overflow_hidden_temple,
          mainiacjoe_overflow_small_starburst, minmay_temple_entry_offerings,
          uniq_menkaure, uniq_natasha
D:5:      layout_cave_pods, gammafunk_temple_overflow_wave
D:6:      layout_basic, gammafunk_ghost_cemetery,
          mainiacjoe_sewer_entry_somewhere_in_here_2, kennysheep_small_spiral,
          uniq_blork_the_orc

Skill      XL: |  1  2  3  4  5  6  7  8 |
---------------+-------------------------+-----
Unarmed Combat | 4 5 6 7 8 |  8.6
Shapeshifting  | 4 5 6 8 |  8.0
Fighting       | |  0.7
Dodging        | |  1.5

Action                     |  1- 3 |  4- 6 |  7- 9 || total
---------------------------+-------+-------+-------++-------
  Melee: Unarmed           |    59 |    82 |   193 ||   334
         Punch             |     1 |     2 |     4 ||     7
  Evoke: Wand              |       |     1 |     2 ||     3
 Armour: Animal skin       |    40 |    57 |   135 ||   232
  Dodge: Dodged            |    15 |    34 |    83 ||   132
   Form: Flux              |       |       |     1 ||     1

Table legend: (Time is in decaauts)
 A = Elapsed time spent in this place.
 B = Non-inter-level travel time spent in this place.
 C = Inter-level travel time spent in this place.
 D = Time resting spent in this place.
 E = Time spent auto-exploring this place.
 F = Levels seen in this place.
 G = Mean time per level.
                   A        B        C        D        E       F      G
               +--------+--------+--------+--------+--------+-----+--------+
         Total |   4507 |   4141 |    366 |      0 |   3289 |   7 |  643.9 |
       Dungeon |   4266 |   3900 |    366 |      0 |   3167 |   6 |  711.0 |
         Sewer |    240 |    240 |      0 |      0 |    122 |   1 |  240.0 |
               +--------+--------+--------+--------+--------+-----+--------+

Top non-repeatable levels by time:
     D:2: 1034 daAuts
     D:5: 879 daAuts
     D:3: 787 daAuts
     D:4: 602 daAuts
     D:1: 528 daAuts
     D:6: 434 daAuts
   Sewer: 240 daAuts

Levels and vault maps discovered:
D:1:      nagdon_arrival_double_spiral, layout_rooms, minmay_pentomino_u4
D:2:      layout_basic, minmay_hedge_maze, minivault_23, uniq_jessica
D:3:      layout_rooms, lightli_temple_of_fire, minmay_misc_feat_cross,
          serial_bayou_lake_a
D:4:      layout_cave_pools, nicolae_overflow_hidden_temple,
          mainiacjoe_overflow_small_starburst, minmay_temple_entry_offerings,
          uniq_menkaure, uniq_natasha
D:5:      layout_cave_pods, gammafunk_temple_overflow_wave
D:6:      layout_basic, gammafunk_ghost_cemetery,
          mainiacjoe_sewer_entry_somewhere_in_here_2, kennysheep_small_spiral,
          uniq_blork_the_orc

Table legend: (Time is in decaauts)
 A = Elapsed time spent in this place.
 B = Non-inter-level travel time spent in this place.
 C = Inter-level travel time spent in this place.
 D = Time resting spent in this place.
 E = Time spent auto-exploring this place.
 F = Levels seen in this place.
 G = Mean time per level.
                   A        B        C        D        E       F      G
               +--------+--------+--------+--------+--------+-----+--------+
         Total |   4507 |   4141 |    366 |      0 |   3289 |   7 |  643.9 |
       Dungeon |   4266 |   3900 |    366 |      0 |   3167 |   6 |  711.0 |
         Sewer |    240 |    240 |      0 |      0 |    122 |   1 |  240.0 |
               +--------+--------+--------+--------+--------+-----+--------+

Top non-repeatable levels by time:
     D:2: 1034 daAuts
     D:5: 879 daAuts
     D:3: 787 daAuts
     D:4: 602 daAuts
     D:1: 528 daAuts
     D:6: 434 daAuts
   Sewer: 240 daAuts

Table legend:
 A = Kills in this place as a percentage of kills in the entire game.
 B = Kills by you in this place as a percentage of kills by you in the entire game.
 C = Kills by friends in this place as a percentage of kills by friends in the entire game.
 D = Other kills in this place as a percentage of other kills in the entire game.
 E = Experience gained in this place as a percentage of experience gained in the entire game.
 F = Experience gained in this place divided by the number of levels of this place that you have seen.
                   A       B       C       D       E      F
               +-------+-------+-------+-------+-------+----------------------
         Total | 100.0 | 100.0 |   N/A |   N/A | 100.0 | 387.6
       Dungeon |  82.1 |  82.1 |   N/A |   N/A |  94.2 | 426.0
         Sewer |  17.9 |  17.9 |   N/A |   N/A |   5.8 | 157.0
               +-------+-------+-------+-------+-------+----------------------
